 Dungeon Crawl Stone Soup version 0.13-a0-2700-g8dc4729 (webtiles) character file.

798 Kae the Ruinous (level 7, -9/36 HPs)
             Began as a Tengu Fire Elementalist on Aug 15, 2013.
             Mangled by an ogre
             ... wielding a +0,+0 giant club
              (29 damage)
             ... on Level 4 of the Dungeon.
             The game lasted 00:06:59 (4549 turns).

Kae the Ruinous (Tengu Fire Elementalist)           Turns: 4549, Time: 00:06:59

HP  -9/36        AC  4     Str  8      XL: 7   Next: 54%
MP   4/17        EV 12     Int 17      God:
Gold 143         SH  0     Dex 15      Spells:  4 memorised,  2 levels left

Res.Fire  : . . .   See Invis. : .   c - staff of energy
Res.Cold  : . . .   Warding    : .   a - +1 robe
Life Prot.: + . .   Conserve   : .   (no shield)
Res.Poison: .       Res.Corr.  : .   (helmet restricted)
Res.Elec. : .       Clarity    : .   h - +0 cloak
Sust.Abil.: . .     Spirit.Shd : .   (no gloves)
Res.Mut.  : .       Stasis     : .   (boots unavailable)
Res.Rott. : .       Flight     : .   d - amulet of the gourmand
Gourmand  : +                        (no ring)
                                     l - ring of positive energy

@: slightly resistant to hostile enchantments, fairly stealthy
A: able to fly, beak, talons 3
a: Fly


You were on level 4 of the Dungeon.
You were hungry.

You visited 1 branch of the dungeon, and saw 4 of its levels.

You collected 159 gold pieces.
You spent 36 gold pieces at shops.

Inventory:

Missiles
 o - 28 darts (quivered)
Armour
 a - a +1 robe (worn)
 h - a +0 cloak (worn)
Comestibles
 z - a meat ration
Scrolls
 f - 8 scrolls of identify
 g - 2 scrolls of noise
 j - 2 scrolls of fear
 m - 2 scrolls of enchant armour
 r - 3 scrolls of amnesia
 u - 3 scrolls of enchant weapon II
 v - a scroll of teleportation
 y - a scroll of recharging {unknown}
Jewellery
 d - an amulet of the gourmand (around neck)
 l - a ring of positive energy (left hand)
 n - an uncursed ring of hunger
Potions
 e - 2 potions of agility {unknown}
 i - 3 potions of curing
 k - a potion of mutation {unknown}
 p - 2 potions of speed {unknown}
 q - 2 potions of confusion {unknown}
 s - 4 potions of heal wounds {unknown}
 t - 2 potions of poison {unknown}
 w - 2 potions of degeneration {unknown}
Books
 b - a book of Flames

   Spells                             Type                      Level
   *Flame Tongue                      Conjuration/Fire             1
   *Throw Flame                       Conjuration/Fire             2
   *Conjure Flame                     Conjuration/Fire             3
   Inner Flame                        Hexes/Fire                   3
   *Sticky Flame                      Conjuration/Fire             4
   Fireball                           Conjuration/Fire             5
 x - a book of the Warp

   Spells                             Type                      Level
   Recall                             Summoning/Translocation      3
   Control Teleport                   Charms/Translocation         4
   Phase Shift                        Translocation                5
   Warp Weapon                        Charms/Translocation         5
   Dispersal                          Translocation                6
   Controlled Blink                   Translocation                7
   Disjunction                        Translocation                8
Magical staves
 c - an uncursed staff of energy (weapon)


   Skills:
 - Level 2.1 Dodging
 - Level 2.0 Stealth
 + Level 3.4 Spellcasting
 * Level 7.4 Conjurations
 + Level 5.5 Fire Magic


You had 2 spell levels left.
You knew the following spells:

 Your Spells              Type           Power        Failure   Level  Hunger
a - Flame Tongue          Conj/Fire      ####.        1%          1    None
b - Throw Flame           Conj/Fire      ####..       1%          2    None
c - Conjure Flame         Conj/Fire      ####....     4%          3    None
d - Sticky Flame          Conj/Fire      ####....     14%         4    None


Dungeon Overview and Level Annotations

Branches:
Dungeon (4/27)
 Temple: D:4-7

Altars:
Elyvilon
Xom

Shops:
D:4: *

Annotations
D:2 Sigmund


Innate Abilities, Weirdness & Mutations

You can fly.
You have a beak for a mouth.
You have claws for feet.


Message History

Aim: an ogre, wielding a giant club (heavily wounded)
The flame hits the ogre.
The ogre is severely wounded.
Casting: Flame Tongue
Confirm with . or Enter, or press ? or * to list all spells.
Aiming: Flame Tongue
Press: ? - help, Shift-Dir - straight line, f/p - ogre
Aim: an ogre, wielding a giant club (heavily wounded)
The flame misses the ogre.
The ogre hits you with a giant club!
Casting: Flame Tongue
Confirm with . or Enter, or press ? or * to list all spells.
Aiming: Sticky Flame
Press: ? - help, Shift-Dir - straight line, f/p - ogre
Aim: an ogre, wielding a giant club (heavily wounded)
The sticky flame hits the ogre.
The ogre is severely wounded.
The ogre is covered in liquid flames!
The ogre burns!
The ogre hits you with a giant club!
Ouch! That really hurt!
You die...

##.#.......... #.#.#.........
####.#..........
##..#............
##...#............
#...........#.....
###.........###....
###..........## ##...
#...@....(....###....
#....O..........#.....
#........#............
#..#......###...........
.#.......## #..........
.$....... ........... ##.#
.........#...........)
##........................%..
#........ ..................


You could see an ogre (burning).

Vanquished Creatures
  Edmund (D:4)
  2 phantoms (D:4)
  The ghost of disskorpion the Insei, an average DsMo (D:3)
  An ogre (D:4)
  An iguana (D:4)
  7 adders
  An inept feature mimic (D:2)
  5 worms
  3 giant geckos
  2 orcs
  9 bats
  8 hobgoblins
  5 giant cockroaches
  4 giant newts
  15 goblins
  8 kobolds
  2 quokkas
  A quokka skeleton (D:4)
  10 rats
86 creatures vanquished.

Notes
Turn   | Place    | Note
--------------------------------------------------------------
     0 | D:1      | Kae, the Tengu Fire Elementalist, began the quest for the Orb.
     0 | D:1      | Reached XP level 1. HP: 10/10 MP: 3/3
   399 | D:1      | Reached XP level 2. HP: 15/15 MP: 5/5
  1163 | D:1      | Reached XP level 3. HP: 19/19 MP: 5/7
  1602 | D:2      | Found a white marble altar of Elyvilon.
  1704 | D:2      | Reached skill level 4 in Fire Magic
  1934 | D:2      | Reached XP level 4. HP: 20/24 MP: 5/8
  1995 | D:2      | Noticed Sigmund
  2353 | D:3      | Noticed disskorpion's ghost (average DsMo)
  2364 | D:2      | Learned a level 2 spell: Throw Flame
  2368 | D:2      | Learned a level 3 spell: Conjure Flame
  2545 | D:3      | Killed disskorpion's ghost
  2545 | D:3      | Reached skill level 5 in Conjurations
  2545 | D:3      | Reached XP level 5. HP: 2/28 MP: 1/11
  3039 | D:3      | Found a shimmering altar of Xom.
  3503 | D:4      | Found Strakloawn's General Store.
  3513 | D:4      | Reached XP level 6. HP: 21/32 MP: 7/13
  3523 | D:4      | Bought a scroll of remove curse for 36 gold pieces
  3830 | D:4      | Noticed a phantom
  3838 | D:4      | Killed a phantom
  3838 | D:4      | Reached skill level 6 in Conjurations
  3838 | D:4      | Reached skill level 5 in Fire Magic
  3886 | D:4      | Noticed an ogre
  3946 | D:4      | Noticed a phantom
  4037 | D:4      | Learned a level 4 spell: Sticky Flame
  4139 | D:4      | Noticed Edmund
  4151 | D:4      | Killed Edmund
  4151 | D:4      | Reached XP level 7. HP: 3/36 MP: 1/16
  4235 | D:4      | Killed a phantom
  4235 | D:4      | Reached skill level 7 in Conjurations
  4430 | D:4      | Killed an ogre
  4549 | D:4      | Mangled by an ogre

Action                   |  1- 3 |  4- 6 |  7- 9 || total
-------------------------+-------+-------+-------++-------
Melee: Unarmed           |    32 |    11 |       ||    43
       Staff             |       |    10 |       ||    10
 Cast: Flame Tongue      |    67 |   103 |     8 ||   178
       Conjure Flame     |       |     1 |       ||     1
       Throw Flame       |       |     5 |    12 ||    17
       Sticky Flame      |       |     1 |     1 ||     2
 Abil: Fly               |       |     1 |       ||     1
  Use: Scroll            |     7 |     3 |       ||    10
       Potion            |       |     1 |       ||     1
 Stab: Sleeping          |     1 |       |       ||     1
